 Dungeon Crawl Stone Soup version 0.30-a0-847-g17996783a1 (webtiles) character file.

Game seed: 14948748767776317759

3349 Lobster4 the Conjurer (level 9, -24/75 HPs)
             Began as a White Draconian Conjurer on Mar 3, 2023.
             Was a Believer of Sif Muna.
             Killed from afar by Maggie (35 damage)
             ... with a bolt of fire
             ... on level 7 of the Dungeon.
             The game lasted 00:19:56 (7866 turns).

Lobster4 the Conjurer (White Draconian Conjurer)    Turns: 7866, Time: 00:19:57

Health: -24/75     AC: 11    Str: 11    XL:     9   Next: 72%
Magic:  13/17      EV: 13    Int: 24    God:    Sif Muna [**....]
Gold:   324        SH:  0    Dex:  9    Spells: 16/19 levels left

rFire   . . .      SeeInvis .    x - +7 long sword of Reason {venom, Int+2}
rCold   + . .      Faith    .    (no shield)
rNeg    . . .      Spirit   .    (body armour unavailable)
rPois   +          Reflect  .    (helmet restricted)
rElec   .          Rampage  .    s - +1 cloak {Will+}
rCorr   .                        (no gloves)
Will    +....                    y - +1 pair of boots
Stlth   +++                      v - amulet of magic regeneration
HPRegen 0.32/turn                D - ring of poison resistance
MPRegen 0.55/turn                (no ring)

@: short of breath
A: breathe frost, AC +7, unfitting armour, cold resistance 1, cold-blooded
a: Breathe Frost, Renounce Religion, Channel Magic


You were on level 7 of the Dungeon.
You worshipped Sif Muna.
Sif Muna was pleased with you.
You visited 2 branches of the dungeon, and saw 8 of its levels.
You also visited: Ossuary.

You collected 369 gold pieces.
You spent 45 gold pieces at shops.

Inventory:

Hand Weapons
 b - a +0 spear
 g - a +3 short sword
 o - a +1 dagger of venom
 u - a +1 sling
 x - the +7 long sword of Reason (weapon) {venom, Int+2}
   (You found it on level 3 of the Dungeon)

   Int:       It affects your intelligence (+2).
 C - a +0 shortbow
Missiles
 f - 6 javelins
 j - 3 boomerangs
 t - 9 poisoned darts (quivered)
 F - a throwing net
Armour
 s - a +1 cloak of willpower (worn)
 y - a +1 pair of boots (worn)
Jewellery
 v - an amulet of magic regeneration (around neck)
 D - a ring of poison resistance (left hand)
Wands
 A - a wand of roots (4)
Scrolls
 e - 4 scrolls of blinking
 l - a scroll of fog
 p - a scroll of enchant weapon
 z - a scroll of enchant armour
 E - a scroll of teleportation
Potions
 a - a potion of magic
 c - 2 potions of flight {unknown}
 d - 2 potions of ambrosia
 h - a potion of cancellation
 i - 2 potions of brilliance {unknown}
 k - 2 potions of resistance {unknown}
 m - 4 potions of attraction {unknown}
 n - 2 potions of might {unknown}
 q - 6 potions of curing
 r - 3 potions of heal wounds {unknown}
 w - 3 potions of invisibility {unknown}
 B - a potion of lignification


   Skills:
 + Level 5.8 Fighting
 - Level 1.0(3.0) Short Blades
 + Level 4.5(4.6) Long Blades
 - Level 1.0 Throwing
 + Level 5.4 Dodging
 - Level 5.0 Stealth
 + Level 5.5 Spellcasting
 + Level 6.8 Conjurations
 + Level 4.4 Invocations


You had 16 spell levels left.
You knew the following spells:

 Your Spells              Type           Power      Damage    Failure   Level
a - Magic Dart            Conj           100%       1d8       1%          1
b - Searing Ray           Conj           78%        2d7       1%          2

Your spell library contained the following spells:

 Spells                   Type           Power      Damage    Failure   Level
 Dazzling Flash           Conj/Hex       44%        N/A       6%          3
 Summon Small Mammal      Summ           24%        N/A       9%          1
 Fulminant Prism          Conj/Hex       11%        3d9       21%         4
 Iskenderun's Mystic Bla  Conj/Tloc      22%        2d6       21%         4
 Call Canine Familiar     Summ           6%         N/A       26%         3
 Summon Guardian Golem    Hex/Summ       6%         N/A       26%         3
 Vhi's Electric Charge    Tloc/Air       12%        N/A       26%         3
 Arcjolt                  Conj/Air       11%        1d21      50%         5
 Maxwell's Capacitive Co  Air            3%         ∞         100%        8


Dungeon Overview and Level Annotations

Branches:
Dungeon (7/15)             Temple (1/1) D:5         Ossuary (visited)

Altars:
Ashenzari
Cheibriados
Dithmenos
Elyvilon
Fedhas
Gozag
Hepliaklqana
Kikubaaqudgha
Makhleb
Nemelex Xobeh
Okawaru
Qazlal
Ru
Sif Muna
Trog
Uskayaw
Vehumet
Wu Jian
Xom
Yredelemnul
The Shining One

Shops:
D:6 ?

Annotations:
D:2 Terence
D:7 Maggie


Innate Abilities, Weirdness & Mutations

You can breathe waves of freezing cold which knock back foes.
Your icy white scales are hard. (AC +7)
You cannot fit into any form of body armour.
Your flesh is cold resistant. (rC+)
You are cold-blooded and may be slowed by cold attacks.


Message History

Press: ? - help, Shift-Dir - straight line, f/p - Maggie
Aim: Maggie, wielding a +0 scimitar of flaming and wearing +0 steam dragon scales (heavily wounded)
The roots erupt in riotous growth!
Roots grab Maggie.
The grasping roots constrict Maggie.
Maggie gestures at you while chanting. The bolt of fire hits you!!
* * * LOW HITPOINT WARNING * * *
The grasping roots constrict Maggie.
The roots release their grip on Maggie.
It was a potion of curing.
You feel better.
Throw: 9 darts (poison)
Press: ? - help, Q - select action, (/) - cycle Shift-Dir - straight line, f/p - Maggie
Aim: Maggie, wielding a +0 scimitar of flaming and wearing +0 steam dragon scales (heavily wounded, 56% to hit)
Okay, then.
Unknown command.
Aiming: Breathe Frost (4% risk of failure)
Press: ? - help, Shift-Dir - straight line, f/p - Maggie
Aim: Maggie, wielding a +0 scimitar of flaming and wearing +0 steam dragon scales (heavily wounded, 68% to hit)
You exhale a wave of freezing cold.
The freezing breath hits Maggie!
Maggie is severely wounded.
Maggie hits you but does no damage.
Casting: Searing Ray (safe; 1% risk of failure)
Confirm with . or Enter, or press ? or * to list all spells.
Aiming: Searing Ray (safe; 1% risk of failure)
Press: ? - help, Shift-Dir - straight line, f/p - Maggie
Aim: Maggie, wielding a +0 scimitar of flaming and wearing +0 steam dragon scales (severely wounded, 81% to hit)
The searing ray hits Maggie.
Maggie is almost dead. (Press . to maintain the ray.) Maggie hits you but does no damage.
The searing ray hits Maggie.
Maggie is almost dead.
Maggie hits you with a +0 scimitar of flaming!
* * * LOW HITPOINT WARNING * * *
Maggie burns you.
* * * LOW HITPOINT WARNING * * *
The searing ray misses Maggie.
Maggie casts a spell at you. The bolt of fire hits you!!
You die...

.........#.....#......)#
##########.............#
###############.......#.#
................>######.#
..........#...####......#
..........#...####...)..#
...)......#......#..)...#
##+###...##......#......#
#.@@#.......'......#
.###...#.......#.....##
................##....#
..........[.....##....#
................##....#
##################....#
+....# #....#


You could see Maggie.

Vanquished Creatures
  A two-headed ogre (D:7)
  Grinder (D:3)
  A steam dragon (D:6)
  Menkaure (D:4)
  2 orc warriors (D:7)
  An ice beast (D:4)
  A sky beast (D:6)
  2 ogres
  3 centaurs
  A phantom (D:6)
  2 bullfrogs
  2 scorpions (D:6)
  3 water moccasin zombies (Ossuary)
  2 howler monkeys
  Crazy Yiuf (D:4)
  3 hounds
  3 jellies (D:5)
  4 orc priests
  A gnoll bouda (D:5)
  6 iguanas
  A sleepcap (D:5)
  5 orc wizards
  4 mummies
  Robin (D:3)
  11 gnolls
  4 adders
  A white imp (D:6)
  An ufetubus (D:5)
  5 adder zombies (Ossuary)
  3 dart slugs
  14 orcs
  7 ball pythons
  5 bats
  10 endoplasms
  3 giant cockroaches
  8 hobgoblins
  A jackal (D:4)
  3 quokkas
  2 frilled lizards (D:1)
  4 gnoll zombies (Ossuary)
  20 goblins
  6 hobgoblin zombies
  8 kobolds
  5 kobold zombies (Ossuary)
  6 orc zombies
  4 rats
183 creatures vanquished.

Vanquished Creatures (others)
  2 plants (D:2)
2 creatures vanquished.

Grand Total: 185 creatures vanquished

Notes
Turn   | Place    | Note
-------+----------+-------------------------------------------
     0 | D:1      | Lobster4 the Draconian Conjurer began the quest for the
                  | Orb.
     0 | D:1      | Reached XP level 1. HP: 14/14 MP: 3/3
   229 | D:1      | Reached XP level 2. HP: 22/22 MP: 1/5
   232 | D:1      | Learned a level 2 spell: Searing Ray
   491 | D:1      | Reached skill level 1 in Fighting
   890 | D:1      | Reached XP level 3. HP: 24/28 MP: 0/6
  1038 | D:2      | Found a faded altar of an unknown god.
  1353 | D:2      | Found a shadowy altar of Dithmenos.
  1579 | D:2      | Noticed Terence
  1881 | D:3      | Found a broken altar of Ashenzari.
  1881 | D:3      | Noticed Grinder
  2058 | D:3      | Found a burning altar of Makhleb.
  2222 | D:3      | Found a blossoming altar of Fedhas.
  2280 | D:3      | Reached skill level 1 in Short Blades
  2280 | D:3      | Reached XP level 4. HP: 36/36 MP: 1/7
  2686 | D:3      | Killed Grinder
  2687 | D:3      | Reached skill level 1 in Throwing
  2687 | D:3      | Reached XP level 5. HP: 42/42 MP: 1/9
  2687 | D:3      | Reached XP level 6. HP: 50/50 MP: 1/10
  2691 | D:3      | Found a basalt altar of Yredelemnul.
  2697 | D:3      | Identified the +7 long sword of Reason {venom, Int+2}
  2724 | D:3      | Noticed Robin
  2731 | D:3      | Killed Robin
  2767 | D:3      | Found a white marble altar of Elyvilon.
  3032 | D:4      | Noticed an ice beast
  3044 | D:4      | Killed an ice beast
  3098 | D:4      | Reached skill level 1 in Long Blades
  3350 | D:4      | Found a hide-covered altar of Uskayaw.
  3464 | D:4      | Noticed Menkaure
  3473 | D:4      | Killed Menkaure
  3474 | D:4      | Reached skill level 5 in Conjurations
  3474 | D:4      | Your scales start taking on an icy white colour.
  3474 | D:4      | Reached XP level 7. HP: 38/57 MP: 4/12
  3474 | D:4      | Gained mutation: Your flesh is cold resistant. (rC+) [White
                  | Draconian growth]
  4294 | D:4      | Found a runed translucent door.
  4295 | D:4      | Noticed Crazy Yiuf
  4302 | D:4      | Killed Crazy Yiuf
  4347 | D:5      | Entered Level 5 of the Dungeon
  4451 | D:5      | Found a staircase to the Ecumenical Temple.
  4460 | Temple   | Entered the Ecumenical Temple
  4460 | Temple   | Found a transporter.
  4460 | Temple   | Found a transporter.
  4462 | Temple   | Found a transporter.
  4462 | Temple   | Found a transporter.
  4500 | Temple   | Became a worshipper of Sif Muna the Loreminder
  4822 | D:5      | Reached skill level 1 in Invocations
  4841 | D:5      | Reached XP level 8. HP: 66/66 MP: 5/14
  5036 | D:5      | Found a snail-covered altar of Cheibriados.
  5812 | D:6      | Identified the +1 helmet of the Thinker {-Cast Harm rCorr
                  | Int-5}
  5823 | D:6      | Found a sand-covered staircase.
  5877 | Ossuary  | Entered an ossuary
  5946 | Ossuary  | Reached * piety under Sif Muna
  6364 | D:6      | Reached skill level 6 in Conjurations
  6433 | D:6      | Found a stormy altar of Qazlal.
  6666 | D:6      | Found Ruzoqam's Magic Scroll Shoppe.
  6688 | D:6      | Reached XP level 9. HP: 67/73 MP: 10/16
  6719 | D:6      | Reached skill level 5 in Fighting
  6743 | D:6      | Bought a scroll of teleportation for 45 gold pieces
  6824 | D:6      | Reached ** piety under Sif Muna
  7196 | D:7      | Reached skill level 5 in Stealth
  7363 | D:7      | Reached skill level 5 in Dodging
  7363 | D:7      | Reached skill level 5 in Spellcasting
  7660 | D:7      | Noticed a two-headed ogre
  7689 | D:7      | Killed a two-headed ogre
  7850 | D:7      | Noticed Maggie
  7866 | D:7      | Killed from afar by Maggie

Illustrated notes

Levels and vault maps discovered:
D:1:      dpeg_arrival_rooms_b, layout_rooms, minmay_tetromino_s2
D:2:      layout_basic, dreamdust_ecumenical_altar_grove, basic_altar,
          uniq_terence
D:3:      layout_basic, kennysheep_ying_yang, fedhas_altar_fruit_tree,
          mainiacjoe_overflow_catwalk_spiral, uniq_grinder, uniq_robin
D:4:      layout_layer_cave, eat_drink_and_be_merry_uskayaw,
          wad_floor_pattern_2, kennysheep_another_room,
          kennysheep_generic_room_9, uniq_crazy_yiuf_cottage, uniq_menkaure
D:5:      layout_layer_cave, slow_altar_1, minmay_temple_entry_junction
D:6:      layout_basic, general_overflow_altar, serial_shops,
          nicolae_shop_behind_doors, nicolae_ossuary_entry_giza, st_stairs_10
D:7:      layout_basic, guppyfry_shop_venom, uniq_maggie
Temple:   hellmonk_temple_divided_pantheon

Skill      XL: |  1  2  3  4  5  6  7  8  9 |
---------------+----------------------------+-----
Stealth        | 2 3 4 5 |  5.0
Dodging        | 2 3 4 5 |  5.4
Fighting       | 1 2 3 4 5 |  5.8
Short Blades   | 1 |  1.0
Throwing       | 1 |  1.0
Spellcasting   | 3 4 5 |  5.5
Long Blades    | 1 2 3 4 |  4.5
Conjurations   | 5 6 |  6.8
Invocations    | 1 3 4 |  4.4

Action                     |  1- 3 |  4- 6 |  7- 9 || total
---------------------------+-------+-------+-------++-------
  Melee: Spear             |     4 |       |       ||     4
         Short sword       |    17 |       |       ||    17
         Tailslap          |     3 |       |     4 ||     7
         Long sword        |       |     1 |    30 ||    31
  Throw: Javelin           |       |     2 |       ||     2
         Dart              |       |       |     2 ||     2
         Throwing net      |       |       |     2 ||     2
   Cast: Magic Dart        |    88 |    59 |    79 ||   226
         Searing Ray       |     1 |    16 |    73 ||    90
Ability: Breathe Frost     |       |       |     3 ||     3
  Evoke: Wand              |       |       |     4 ||     4
    Use: Scroll            |       |     5 |    10 ||    15
         Potion            |       |       |     1 ||     1
 Armour: Skin              |     7 |     5 |    52 ||    64
  Dodge: Dodged            |    14 |     8 |    69 ||    91

Table legend: (Time is in decaauts)
 A = Elapsed time spent in this place.
 B = Non-inter-level travel time spent in this place.
 C = Inter-level travel time spent in this place.
 D = Time resting spent in this place.
 E = Time spent auto-exploring this place.
 F = Levels seen in this place.
 G = Mean time per level.
                   A        B        C        D        E       F      G
               +--------+--------+--------+--------+--------+-----+--------+
         Total |   7870 |   7663 |    207 |    426 |   5996 |   9 |  874.4 |
       Dungeon |   7601 |   7408 |    193 |    413 |   5861 |   7 | 1085.9 |
        Temple |     56 |     42 |     14 |      0 |      6 |   1 |   56.0 |
       Ossuary |    213 |    213 |      0 |     13 |    129 |   1 |  213.0 |
               +--------+--------+--------+--------+--------+-----+--------+

Top non-repeatable levels by time:
     D:4: 1386 daAuts
     D:5: 1300 daAuts
     D:6: 1247 daAuts
     D:3: 1159 daAuts
     D:1: 953 daAuts
     D:2: 846 daAuts
     D:7: 707 daAuts
 Ossuary: 213 daAuts
  Temple: 56 daAuts
